[Event "Titled Tuesday Blitz June 14 Early 2022"]
[White "Bharath Subramaniyam H"]
[Black "Andreikin, Dmitry"]
[WhiteFideId "46634827"]
[BlackFideId "4158814"]
[WhiteElo "2242"]
[BlackElo "2736"]
[Result "0-1"]
[Round "07"]
[TimeControl "180+1"]
[Date "2022.06.14"]
[WhiteClock "0:00:03"]
[BlackClock "0:01:07"]

1. c4 Nf6 2. Nc3 g6 3. d4 Bg7 4. e4 O-O 5. h3 c6 6. Be3 a6 7. g4 b5 8. g5 Ne8 9. h4 bxc4 10. h5 d5 11. hxg6 fxg6 12. Bg2 Be6 13. Nh3 Nc7 14. Nf4 Qd7 15. Nxe6 Qxe6 16. Bh3 Qf7 17. Bg2 a5 18. Qg4 Nba6 19. Qh4 Bh8 20. exd5 Nb4 21. dxc6 Nc2+ 22. Kd2 Nxa1 23. Nd5 e6 24. Nxc7 Qxc7 25. Rxa1 Rad8 26. Rh1 Bxd4 27. Kc2 Bxe3 28. fxe3 Rf7 29. Qxc4 Rf2+ 30. Kb1 Qe5 31. Qb3 Rdd2 32. Kc1 Rxb2 33. Qd3 Rb1+ 34. Qxb1 Qxe3+ 35. Kd1 Qd2# 0-1


[Site "https://www.chess.com"]

[Event "Titled Tuesday Blitz June 14 Early 2022"]
[White "Bluebaum, Matthias"]
[Black "Fedoseev, Vladimir"]
[WhiteFideId "24651516"]
[BlackFideId "24130737"]
[WhiteElo "2556"]
[BlackElo "2726"]
[Result "0-1"]
[Round "07"]
[TimeControl "180+1"]
[Date "2022.06.14"]
[WhiteClock "0:00:14"]
[BlackClock "0:00:50"]

1. d4 Nf6 2. c4 e6 3. Nc3 Bb4 4. e3 O-O 5. Bd2 d6 6. Bd3 c5 7. dxc5 Bxc5 8. Nf3 Nbd7 9. a3 a6 10. b4 Ba7 11. O-O Qe7 12. Bc1 Rd8 13. Bb2 Nf8 14. Qe2 Bd7 15. Rac1 Rac8 16. Rfd1 Ng6 17. h3 Bc6 18. Bb1 Bxf3 19. Qxf3 Ne5 20. Qg3 Nxc4 21. Ba1 d5 22. Qh4 Nxe3 23. Re1 Rc4 24. Nxd5 Rxd5 25. Bxh7+ Kf8 26. Be4 Rh5 27. Bxf6 Rxh4 28. Bxe7+ Kxe7 29. Bxb7 Rxc1 30. Rxc1 Rc4 31. Re1 Nc2 32. Re2 Nxa3 33. Bxa6 Rxb4 34. Bd3 Bc5 35. g3 Rb3 36. Rd2 Nb1 37. Rd1 Nc3 38. Rc1 Nd5 39. Bc4 Rxg3+ 40. Kf1 Rc3 41. Rxc3 Nxc3 42. Kg2 Ne4 43. f3 Nd6 44. Bd3 Be3 45. h4 e5 46. Kh3 f5 47. Bf1 Kf6 48. Kg2 g6 49. Ba6 Nf7 50. Be2 Nd8 51. Bd1 Ne6 52. Bc2 Nf4+ 53. Kf1 Bd4 54. Ba4 Kg7 55. Bd1 Kh6 56. Ba4 Kh5 57. Be8 Kxh4 58. Bxg6 Nxg6 59. f4 Nxf4 0-1


[Site "https://www.chess.com"]

[Event "Titled Tuesday Blitz June 14 Early 2022"]
[White "Bortnyk, Mykola"]
[Black "Hesham, Abdelrahman"]
[WhiteFideId "14120836"]
[BlackFideId "10600183"]
[WhiteElo "2582"]
[BlackElo "2506"]
[Result "1-0"]
[Round "07"]
[TimeControl "180+1"]
[Date "2022.06.14"]
[WhiteClock "0:00:25"]
[BlackClock "0:00:02"]

1. e4 c6 2. d4 d5 3. Nc3 dxe4 4. Nxe4 Bf5 5. Ng3 Bg6 6. h4 h6 7. N1e2 Nf6 8. Nf4 Bh7 9. Bc4 e6 10. Nfh5 Nbd7 11. Bf4 Nd5 12. Bd2 N7f6 13. Bb3 Nxh5 14. Nxh5 Nf6 15. c3 Nxh5 16. Qxh5 Bg6 17. Qg4 Bf5 18. Qg3 a5 19. O-O a4 20. Bc4 b5 21. Be2 g5 22. Qe5 f6 23. Bh5+ Kd7 24. Qe2 Bd6 25. Rfe1 Qg8 26. c4 Rb8 27. d5 cxd5 28. cxd5 e5 29. Bg4 Bxg4 30. Qxg4+ Ke7 31. Bb4 Qc8 32. Qe4 Bxb4 33. Qxb4+ Kf7 34. Rac1 Qd7 35. Rc6 Qxd5 36. Rc7+ Kg6 37. Qe7 Rbg8 38. Rd7 Qxa2 39. Rd6 Qf7 40. Qxe5 Re8 41. Qc3 Rxe1+ 42. Qxe1 Re8 43. Qd1 Re5 44. Qd3+ Kg7 45. h5 Re7 46. g4 1-0


[Site "https://www.chess.com"]

[Event "Titled Tuesday Blitz June 14 Early 2022"]
[White "Deac, Bogdan-Daniel"]
[Black "Samunenkov, Ihor"]
[WhiteFideId "1226380"]
[BlackFideId "14187086"]
[WhiteElo "2648"]
[BlackElo "2409"]
[Result "1-0"]
[Round "07"]
[TimeControl "180+1"]
[Date "2022.06.14"]
[WhiteClock "0:00:05"]
[BlackClock "0:00:04"]

1. Nf3 Nf6 2. g3 c5 3. Bg2 Nc6 4. O-O e5 5. c4 d5 6. cxd5 Nxd5 7. Nc3 Be6 8. b3 Be7 9. Bb2 f6 10. e3 O-O 11. a3 Rc8 12. Rc1 Qd7 13. Ne4 b6 14. d4 cxd4 15. exd4 f5 16. Neg5 e4 17. Nxe6 Qxe6 18. Ne5 Bf6 19. Nc4 Rfd8 20. Rc2 Rd7 21. Re1 Nde7 22. Rd2 Rcd8 23. f3 b5 24. fxe4 bxc4 25. d5 Qd6 26. Bxf6 Qxf6 27. bxc4 Qd6 28. exf5 Qc5+ 29. Kh1 Qxc4 30. Re4 Qc5 31. Re6 Nxd5 32. Qe1 Nde7 33. Rxd7 Rxd7 34. Bxc6 Rc7 35. Bf3 Qxf5 36. Re3 h6 37. Kg2 Qf6 38. Re2 Qd6 39. Re6 Qd7 40. Re2 Qd6 41. Qa5 Rd7 42. a4 Qb6 43. Qe5 Qd6 44. Qe4 Qf6 45. Qc4+ Kh8 46. Qe4 Kg8 47. Qa8+ Kh7 48. Be4+ g6 49. Rf2 Qg7 50. Qe8 Rc7 51. Rf7 Nf5 52. Rxg7+ Nxg7 53. Qe5 Kg8 54. Qxc7 1-0


[Site "https://www.chess.com"]

[Event "Titled Tuesday Blitz June 14 Early 2022"]
[White "Gaehwiler, Gabriel"]
[Black "Sirosh, Ilja"]
[WhiteFideId "1314530"]
[BlackFideId "4500458"]
[WhiteElo "2383"]
[BlackElo "2241"]
[Result "1/2-1/2"]
[Round "07"]
[TimeControl "180+1"]
[Date "2022.06.14"]
[WhiteClock "0:02:20"]
[BlackClock "0:01:28"]

1. d4 d5 2. c4 e6 3. Nf3 Nf6 4. g3 dxc4 5. Bg2 Nbd7 6. Qc2 b5 7. a4 c6 8. Nc3 b4 9. Nb1 Ba6 10. O-O Rc8 11. Rd1 c5 12. Bg5 cxd4 13. Nxd4 Bc5 14. Nb5 Qb6 15. e3 O-O 16. Nd2 Bxb5 17. axb5 Qxb5 18. Qxc4 Qxc4 19. Nxc4 Nb6 20. Na5 h6 21. Bxf6 gxf6 1/2-1/2


[Site "https://www.chess.com"]

[Event "Titled Tuesday Blitz June 14 Early 2022"]
[White "Galperin, Platon"]
[Black "Perez Gormaz, Matias"]
[WhiteFideId "14165414"]
[BlackFideId "3406342"]
[WhiteElo "2432"]
[BlackElo "2341"]
[Result "1-0"]
[Round "07"]
[TimeControl "180+1"]
[Date "2022.06.14"]
[WhiteClock "0:02:22"]
[BlackClock "0:00:09"]

1. Nf3 d5 2. g3 Nd7 3. d4 Nb6 4. Bg2 Bf5 5. Nc3 h6 6. Ne5 Nf6 7. f3 e6 8. e4 Bh7 9. O-O Bb4 10. Nd3 Bxc3 11. bxc3 dxe4 12. fxe4 Nxe4 13. Qg4 Ng5 14. h4 Bf5 15. Qe2 Nh7 16. Rxf5 1-0


[Site "https://www.chess.com"]

[Event "Titled Tuesday Blitz June 14 Early 2022"]
[White "Grischuk, Alexander"]
[Black "Dubov, Daniil"]
[WhiteFideId "4126025"]
[BlackFideId "24126055"]
[WhiteElo "2762"]
[BlackElo "2791"]
[Result "1-0"]
[Round "07"]
[TimeControl "180+1"]
[Date "2022.06.14"]
[WhiteClock "0:00:04"]
[BlackClock "0:00:02"]

1. d4 Nf6 2. c4 c5 3. d5 b5 4. Qc2 b4 5. e4 d6 6. Nf3 g6 7. Bd3 Bg7 8. O-O O-O 9. h3 e5 10. Bg5 h6 11. Be3 Nh5 12. Qd1 a5 13. Bc2 Na6 14. Nbd2 Ra7 15. Re1 Bd7 16. Nf1 Qe8 17. Ng3 Nf6 18. Qd2 Kh7 19. Nh2 Bc8 20. Rab1 Re7 21. f4 exf4 22. Bxf4 Re5 23. Nf3 Nd7 24. Ba4 Nab8 25. Nh1 Qe7 26. Bxd7 Nxd7 27. Nxe5 Nxe5 28. b3 Bd7 29. Nf2 a4 30. Nd3 Nxd3 31. Qxd3 Bc3 32. Qg3 Bd4+ 33. Kh1 Be5 34. Bxe5 dxe5 35. Rf1 Qd6 36. Rf3 Kg7 37. Rbf1 f6 38. Qf2 a3 39. Qg3 g5 40. h4 Be8 41. Qg4 Bd7 42. Qg3 Be8 43. hxg5 hxg5 44. Kg1 Bh5 45. R3f2 Bg6 46. Qg4 Rf7 47. Rf3 Rf8 48. Rh3 Rf7 49. Rf2 Rf8 50. g3 Rf7 51. Rfh2 Kf8 52. Rh8+ Ke7 53. Qc8 Bxe4 54. Qe8# 1-0


[Site "https://www.chess.com"]

[Event "Titled Tuesday Blitz June 14 Early 2022"]
[White "Gunina, Valentina"]
[Black "Bilych, Olexiy"]
[WhiteFideId "4167570"]
[BlackFideId "14156504"]
[WhiteElo "2386"]
[BlackElo "2189"]
[Result "1-0"]
[Round "07"]
[TimeControl "180+1"]
[Date "2022.06.14"]
[WhiteClock "0:01:12"]
[BlackClock "0:00:44"]

1. d4 Nf6 2. c4 e6 3. Nf3 d5 4. Nc3 Bb4 5. Bg5 dxc4 6. e4 c5 7. Bxc4 cxd4 8. Nxd4 Qa5 9. Bd2 O-O 10. a3 Qc5 11. Qe2 Qxd4 12. axb4 Nc6 13. O-O Ne5 14. b3 b6 15. Rad1 Bb7 16. Be1 Qxd1 17. Qxd1 Rad8 18. Qe2 Nc6 19. e5 Nd4 20. Qe3 Ng4 21. Qg3 Nh6 22. f4 Nhf5 23. Qf2 h5 24. Ne2 Nc2 25. Ng3 Nfe3 26. Nxh5 Nxf1 27. Kxf1 Nxe1 28. Kxe1 Rd4 29. Qxd4 1-0


[Site "https://www.chess.com"]

[Event "Titled Tuesday Blitz June 14 Early 2022"]
[White "Hakobyan, Aram"]
[Black "Daneshvar, Bardiya"]
[WhiteFideId "13306677"]
[BlackFideId "12576468"]
[WhiteElo "2557"]
[BlackElo "2303"]
[Result "1-0"]
[Round "07"]
[TimeControl "180+1"]
[Date "2022.06.14"]
[WhiteClock "0:00:10"]
[BlackClock "0:00:06"]

1. d4 Nf6 2. c4 e6 3. a3 c5 4. d5 exd5 5. cxd5 d6 6. Nc3 g6 7. e4 Bg7 8. Nf3 O-O 9. Be2 b5 10. e5 dxe5 11. Bxb5 e4 12. Ne5 Nxd5 13. Qxd5 Qxd5 14. Nxd5 Bxe5 15. Bh6 Rd8 16. O-O-O Bd7 17. Rhe1 Bd4 18. Bg5 Re8 19. Rxd4 cxd4 20. Nf6+ Kg7 21. Nxe8+ Bxe8 22. Bxe8 Na6 23. Rxe4 Nc5 24. Re7 Ne6 25. Bh4 g5 26. Rxf7+ Kg8 27. Re7 Rc8+ 28. Kd1 1-0


[Site "https://www.chess.com"]

[Event "Titled Tuesday Blitz June 14 Early 2022"]
[White "Harvey, Marcus R"]
[Black "Matlakov, Maxim"]
[WhiteFideId "400092"]
[BlackFideId "4168003"]
[WhiteElo "2485"]
[BlackElo "2669"]
[Result "1/2-1/2"]
[Round "07"]
[TimeControl "180+1"]
[Date "2022.06.14"]
[WhiteClock "0:00:56"]
[BlackClock "0:01:59"]

1. d4 d5 2. c4 dxc4 3. Nf3 Nf6 4. e3 Bg4 5. Bxc4 e6 6. O-O a6 7. h3 Bh5 8. Nbd2 Nc6 9. Be2 Bd6 10. Nc4 O-O 11. b3 Ne4 12. Bb2 f5 13. Nxd6 Qxd6 14. Nd2 Bxe2 15. Qxe2 Nxd2 16. Qxd2 Ne7 17. a4 Qd7 18. Ba3 Rfe8 19. Bxe7 Qxe7 20. Rfc1 a5 21. Rc5 b6 22. Rc6 Red8 23. Rac1 Rd7 24. Qc2 Ra7 25. Qc4 Kf7 26. Re1 Rd6 27. e4 Rxc6 28. Qxc6 Qd6 29. Qc4 fxe4 30. Rxe4 c6 31. g3 g6 32. Rf4+ Kg7 33. h4 Rf7 34. Rxf7+ Kxf7 35. Qd3 Qd5 36. Qe3 h5 37. Qf4+ Ke8 38. Qb8+ Qd8 39. Qe5 Kf7 40. Qf4+ Kg7 41. Qe5+ Kf7 42. Qf4+ Ke8 43. Qe4 Kf7 44. Qf4+ 1/2-1/2


[Site "https://www.chess.com"]

[Event "Titled Tuesday Blitz June 14 Early 2022"]
[White "Kollars, Dmitrij"]
[Black "Shipov, Sergei"]
[WhiteFideId "12909572"]
[BlackFideId "4113624"]
[WhiteElo "2584"]
[BlackElo "2788"]
[Result "0-1"]
[Round "07"]
[TimeControl "180+1"]
[Date "2022.06.14"]
[WhiteClock "0:00:03"]
[BlackClock "0:00:18"]

1. e4 e6 2. d4 d5 3. Nd2 Be7 4. Ngf3 Nf6 5. Bd3 c5 6. e5 Nfd7 7. c3 Nc6 8. O-O a5 9. Re1 cxd4 10. cxd4 Qb6 11. a3 a4 12. h3 Nxd4 13. Nxd4 Qxd4 14. Nf3 Qb6 15. Ng5 Nc5 16. Bc2 Nb3 17. Rb1 Nxc1 18. Qxc1 h6 19. Nf3 Bc5 20. Qd2 Bd7 21. b4 axb3 22. Rxb3 Qa7 23. Reb1 Bc6 24. h4 Ke7 25. Bd3 Rhc8 26. Bb5 Bxb5 27. Rxb5 b6 28. R5b3 Qa4 29. g3 Qg4 30. Kg2 Rc7 31. Qd3 Qe4 32. Qxe4 dxe4 33. Nd2 e3 34. fxe3 Ra4 35. Kf3 Rca7 36. Ne4 Rxa3 37. Nxc5 bxc5 38. Rb7+ Rxb7 39. Rxb7+ Kf8 40. Rb8+ Ke7 41. Rb7+ Ke8 42. Rb8+ Kd7 43. Rb7+ Kc6 44. Rxf7 g5 45. Rf6 Kd5 46. h5 c4 47. Rxh6 c3 48. Rh8 Kxe5 49. Kg4 Ra4+ 50. Kxg5 Rc4 51. h6 c2 52. h7 c1=Q 53. Rf8 Qxe3+ 54. Rf4 Qxg3+ 0-1


[Site "https://www.chess.com"]

[Event "Titled Tuesday Blitz June 14 Early 2022"]
[White "Korchmar, Vasiliy"]
[Black "Pranav, V"]
[WhiteFideId "24131750"]
[BlackFideId "25060783"]
[WhiteElo "2370"]
[BlackElo "2349"]
[Result "0-1"]
[Round "07"]
[TimeControl "180+1"]
[Date "2022.06.14"]
[WhiteClock "0:00:01"]
[BlackClock "0:00:08"]

1. e4 e5 2. Nf3 Nc6 3. Nc3 Nf6 4. h3 g6 5. d4 exd4 6. Nxd4 Bg7 7. Nxc6 bxc6 8. Bc4 O-O 9. O-O d6 10. Bg5 h6 11. Bh4 Rb8 12. Bb3 Qe8 13. Re1 Nd7 14. f4 Nc5 15. e5 d5 16. Bf2 Qe7 17. Kh1 Bf5 18. Bxd5 Rfd8 19. Qf3 cxd5 20. Nxd5 Rxd5 21. Qxd5 Ne6 22. Bxa7 Rxb2 23. Be3 Rxc2 24. a4 Qh4 25. Qf3 h5 26. Re2 Be4 27. Qf2 Qxh3+ 28. Kg1 Qf5 29. Rxc2 Bxc2 30. a5 Be4 31. a6 Ba8 32. a7 Qd3 33. Qd2 Qe4 34. Qf2 Qc4 35. Rc1 Qb3 36. Rc2 h4 37. Rb2 Qd5 38. Qf3 Qxf3 39. gxf3 Bxf3 40. Rb8+ Kh7 41. Kf2 Bd5 42. Rb5 Bc6 43. Rb8 Bh6 44. Rc8 Be4 45. Kg1 Nxf4 46. Rxc7 Nh3+ 47. Kh2 Bxe3 48. Kxh3 g5 49. Rxf7+ Kg6 50. Rf8 Kh5 51. a8=Q g4+ 52. Kh2 Bxa8 53. Rxa8 Bf4+ 0-1


[Site "https://www.chess.com"]

[Event "Titled Tuesday Blitz June 14 Early 2022"]
[White "Lashkin, Jegor"]
[Black "Lewtak, Damian"]
[WhiteFideId "13907808"]
[BlackFideId "1141724"]
[WhiteElo "2368"]
[BlackElo "2379"]
[Result "1-0"]
[Round "07"]
[TimeControl "180+1"]
[Date "2022.06.14"]
[WhiteClock "0:00:06"]
[BlackClock "0:00:05"]

1. d4 b6 2. c4 Bb7 3. Nc3 g6 4. e4 Bg7 5. Nf3 d6 6. Bd3 Nd7 7. Be3 e6 8. O-O Ne7 9. d5 e5 10. b4 h6 11. c5 bxc5 12. bxc5 Nxc5 13. Bxc5 dxc5 14. Bb5+ c6 15. dxc6 Bxc6 16. Bxc6+ Nxc6 17. Qa4 Rc8 18. Rfd1 Qa5 19. Qxa5 Nxa5 20. Nb5 Ke7 21. Nxa7 Ra8 22. Nb5 Rhb8 23. Nc7 Ra7 24. Nd5+ Ke6 25. Rab1 Rab7 26. Rbc1 Bf8 27. h4 c4 28. Ne3 Ba3 29. Rc2 Rb1 30. Kf1 Rxd1+ 31. Nxd1 f5 32. Nc3 Bc5 33. Ke2 Bd4 34. exf5+ gxf5 35. Nd2 Bxc3 36. Rxc3 Kd5 37. Ra3 Rb5 38. Ke3 Nc6 39. Ra8 f4+ 40. Ke2 Rb2 41. Kd1 c3 42. Nb3 Nd4 43. Rd8+ Kc4 44. Rc8+ Kd5 45. Rc5+ Kd6 46. Rxc3 Rxa2 47. Nxd4 exd4 48. Rd3 Rxf2 49. Rxd4+ Ke5 50. Rd2 Rxg2 51. Rxg2 Ke4 52. Rf2 f3 53. Kd2 Kf4 54. h5 Kg3 55. Ke3 1-0


[Site "https://www.chess.com"]

[Event "Titled Tuesday Blitz June 14 Early 2022"]
[White "Lazavik, Denis"]
[Black "Durarbayli, Vasif"]
[WhiteFideId "13515110"]
[BlackFideId "13402935"]
[WhiteElo "2437"]
[BlackElo "2528"]
[Result "0-1"]
[Round "07"]
[TimeControl "180+1"]
[Date "2022.06.14"]
[WhiteClock "0:00:03"]
[BlackClock "0:00:59"]

1. d4 Nf6 2. c4 e6 3. Nf3 b6 4. g3 Bb7 5. Bg2 Be7 6. O-O O-O 7. Re1 Ne4 8. Nfd2 d5 9. cxd5 exd5 10. Nxe4 dxe4 11. Nc3 f5 12. Bf4 Nc6 13. Nb5 g5 14. Bxc7 Qd5 15. Nc3 Qxd4 16. Qb3+ Rf7 17. Rad1 Qb4 18. Qxb4 Bxb4 19. Bd6 Bxc3 20. bxc3 Rc8 21. g4 fxg4 22. Bxe4 Na5 23. Bd5 Bxd5 24. Rxd5 h6 25. Be5 Nc4 26. Bd4 Kh7 27. Kg2 Re8 28. e4 Nd2 29. e5 Nf3 30. Re3 Nh4+ 31. Kf1 Re6 32. Rd6 Rfe7 33. Rxe6 Rxe6 34. h3 Nf5 35. Rd3 gxh3 36. Rxh3 g4 37. Rd3 Kg6 38. a4 h5 39. Rd1 Nh4 40. Ra1 Nf3 41. a5 h4 42. axb6 axb6 43. Ra6 Kf5 44. Be3 b5 45. Ra8 h3 46. Rf8+ Kxe5 47. Rh8 Ra6 48. Ke2 h2 49. Rh5+ Ke4 50. Rh8 Ra2+ 51. Kf1 Ra1+ 0-1


[Site "https://www.chess.com"]

[Event "Titled Tuesday Blitz June 14 Early 2022"]
[White "Le, Tuan Minh"]
[Black "Lamaze, Simon"]
[WhiteFideId "12401153"]
[BlackFideId "36069264"]
[WhiteElo "2530"]
[BlackElo "2090"]
[Result "1-0"]
[Round "07"]
[TimeControl "180+1"]
[Date "2022.06.14"]
[WhiteClock "0:00:20"]
[BlackClock "0:00:21"]

1. d4 Nf6 2. Nf3 e6 3. Bf4 d5 4. e3 c5 5. c3 Nc6 6. Nbd2 Nh5 7. Be5 f6 8. Bg3 Nxg3 9. hxg3 Bd7 10. Bd3 f5 11. c4 dxc4 12. Bxc4 cxd4 13. exd4 Bb4 14. O-O O-O 15. d5 exd5 16. Bxd5+ Kh8 17. Nc4 Qf6 18. Qb3 a5 19. a3 a4 20. Qc2 Bc5 21. Rad1 Rad8 22. Bxc6 Bxc6 23. Nce5 Rxd1 24. Rxd1 Bxf3 25. Nxf3 Qb6 26. Rd5 Be7 27. Rxf5 Bf6 28. Ng5 g6 29. Rf4 Kg7 30. Rb4 Qa6 31. Rxa4 Qd6 32. Ne4 Qd7 33. Nxf6 Rxf6 34. Rc4 Rf7 35. Qc3+ Kg8 36. Rc8+ Rf8 37. Qc4+ Kg7 38. Rc7 1-0


[Site "https://www.chess.com"]

[Event "Titled Tuesday Blitz June 14 Early 2022"]
[White "Levitskiy, Andrey"]
[Black "Narayanan, Srinath"]
[WhiteFideId "14132885"]
[BlackFideId "5018420"]
[WhiteElo "2301"]
[BlackElo "2472"]
[Result "0-1"]
[Round "07"]
[TimeControl "180+1"]
[Date "2022.06.14"]
[WhiteClock "0:00:02"]
[BlackClock "0:01:13"]

1. e4 c5 2. Nf3 d6 3. d4 cxd4 4. Nxd4 Nf6 5. Nc3 Nc6 6. Bc4 e6 7. Be3 Be7 8. Bb3 a6 9. f4 Qc7 10. Qe2 Nxd4 11. Bxd4 b5 12. e5 dxe5 13. fxe5 Nd7 14. O-O-O Bb7 15. Rhf1 O-O 16. Kb1 Nc5 17. h4 Rad8 18. Qf2 b4 19. Na4 Ne4 20. Qe3 Bxh4 21. Rh1 Bg5 22. Qh3 h6 23. Bb6 Rxd1+ 24. Rxd1 Qxe5 25. Qd3 Qf5 26. Ka1 Bc6 27. Rf1 Qg4 28. a3 Bb5 29. Bc4 Bxa4 0-1


[Site "https://www.chess.com"]

[Event "Titled Tuesday Blitz June 14 Early 2022"]
[White "Madaminov, Mukhiddin"]
[Black "Zhigalko, Sergei"]
[WhiteFideId "14210703"]
[BlackFideId "13502956"]
[WhiteElo "1916"]
[BlackElo "2662"]
[Result "1-0"]
[Round "07"]
[TimeControl "180+1"]
[Date "2022.06.14"]
[WhiteClock "0:00:36"]
[BlackClock "0:00:02"]

1. e4 c5 2. Nf3 Nc6 3. Bb5 Nf6 4. e5 Nd5 5. O-O Nc7 6. Bxc6 dxc6 7. h3 h6 8. d3 Bf5 9. Nc3 Ne6 10. Re1 g5 11. Ne4 Bg7 12. Ng3 Bg6 13. a4 c4 14. d4 Qd5 15. c3 Rd8 16. Nf1 Nc5 17. Ne3 Qe6 18. d5 cxd5 19. Nd4 Qxe5 20. Nxc4 Qf6 21. Ne5 Ne4 22. Ng4 Qd6 23. f3 Nc5 24. Nb5 Qb8 25. Be3 Nd3 26. Bxa7 Qg3 27. Re2 Nf4 28. Rd2 h5 29. Ne3 e6 30. Nf1 Nxh3+ 31. Kh1 Qh4 32. gxh3 O-O 33. Rh2 Be5 34. Bf2 Qc4 35. Rg2 Bf4 36. Qd4 Qc6 37. Be3 e5 38. Qd2 d4 39. Bxf4 exf4 40. Nxd4 Qd5 41. Qf2 f6 42. h4 g4 43. fxg4 Be4 44. gxh5+ Kh7 45. Nd2 Bxg2+ 46. Qxg2 Qxh5 47. N2f3 Rg8 48. Qc2+ Kh8 49. Rg1 Rg3 50. Rxg3 fxg3 51. Kg2 Qg4 52. Qf5 Qg7 53. Ne6 1-0


[Site "https://www.chess.com"]

[Event "Titled Tuesday Blitz June 14 Early 2022"]
[White "Martinez Alcantara, Jose Eduardo"]
[Black "Pranav Anand"]
[WhiteFideId "3805662"]
[BlackFideId "46626786"]
[WhiteElo "2703"]
[BlackElo "2259"]
[Result "1-0"]
[Round "07"]
[TimeControl "180+1"]
[Date "2022.06.14"]
[WhiteClock "0:00:22"]
[BlackClock "0:00:13"]

1. e4 c5 2. Nf3 Nc6 3. c3 d5 4. exd5 Qxd5 5. d4 Bf5 6. Be3 cxd4 7. Nxd4 Bd7 8. Nd2 e5 9. N4f3 Be6 10. Qa4 Nf6 11. Bc4 Qd7 12. Bb5 Bd6 13. Nc4 O-O 14. Rd1 Bxc4 15. Qxc4 Qc7 16. Nd2 a6 17. Bxc6 bxc6 18. Ne4 Nxe4 19. Qxe4 f5 20. Qc4+ Kh8 21. O-O Rf6 22. Bc5 Bxc5 23. Qxc5 e4 24. Rd4 Rh6 25. h3 Re8 26. Qxf5 Rhe6 27. Re1 Rf6 28. Rdxe4 Ref8 29. Qe5 Qb6 30. R4e2 Rxf2 31. Qd4 Rxe2 32. Rxe2 Qb5 33. Rf2 Rg8 34. c4 Qa5 35. b3 h6 36. Qe4 Qc5 37. Qf5 Qd4 38. Qf4 Qc5 39. Kh2 Re8 40. Rf3 Qe7 41. Qg3 Kh7 42. Rd3 Qe4 43. Rd7 Re7 44. Rd6 Re5 45. Qd3 Qxd3 46. Rxd3 a5 47. Kg3 Re2 48. a3 Rb2 49. Kf3 Kg6 50. Ke4 Kg5 51. g3 Ra2 52. a4 Rf2 53. Ke5 Rh2 54. h4+ Kg4 55. Kd6 Rf2 56. Kxc6 Rf6+ 57. Kb5 Re6 58. c5 Kf5 59. c6 Ke4 60. Rc3 Re8 61. c7 Rc8 62. Rc4+ Kd5 63. Kb6 Kd6 64. Kb7 1-0


[Site "https://www.chess.com"]

[Event "Titled Tuesday Blitz June 14 Early 2022"]
[White "Maximov, Dmitry"]
[Black "Sanal, Vahap"]
[WhiteFideId "14105659"]
[BlackFideId "6300545"]
[WhiteElo "2494"]
[BlackElo "2574"]
[Result "1-0"]
[Round "07"]
[TimeControl "180+1"]
[Date "2022.06.14"]
[WhiteClock "0:00:13"]
[BlackClock "0:00:02"]

1. e4 d6 2. d4 Nf6 3. Nc3 e5 4. Nge2 Nbd7 5. g3 Be7 6. Bg2 c6 7. a4 b6 8. O-O Bb7 9. h3 h5 10. Be3 a6 11. Qd2 b5 12. f4 Qc7 13. axb5 axb5 14. Rxa8+ Bxa8 15. Nd1 Bb7 16. Nf2 Qb8 17. b3 Qa8 18. c4 bxc4 19. bxc4 O-O 20. c5 exd4 21. Nxd4 dxc5 22. Nf5 Re8 23. g4 hxg4 24. hxg4 Bf8 25. g5 g6 26. gxf6 Nxf6 27. Nd6 Rd8 28. e5 Nh5 29. Bxc5 Bc8 30. Nfe4 Bh6 31. Bb6 Nxf4 32. Rxf4 Qa1+ 33. Kf2 Qxe5 34. Be3 Bxf4 35. Bxf4 Qe6 36. Qd4 Qa2+ 37. Kg3 Qb3+ 38. Bf3 Qe6 39. Nf6+ Kf8 40. Nh7+ Ke7 41. Ng5 Qe1+ 42. Kg2 Be6 43. Qc5 Kd7 44. Qa7# 1-0


[Site "https://www.chess.com"]

[Event "Titled Tuesday Blitz June 14 Early 2022"]
[White "Niekras, Dawid"]
[Black "Steinberg, Nitzan"]
[WhiteFideId "1160451"]
[BlackFideId "2801795"]
[WhiteElo "2264"]
[BlackElo "2471"]
[Result "0-1"]
[Round "07"]
[TimeControl "180+1"]
[Date "2022.06.14"]
[WhiteClock "0:00:04"]
[BlackClock "0:00:20"]

1. e4 g6 2. d4 Bg7 3. Nc3 d6 4. f4 a6 5. Nf3 b5 6. Bd3 Bb7 7. O-O Nd7 8. e5 c5 9. Ng5 Nh6 10. e6 Bxd4+ 11. Kh1 Nf6 12. f5 Qc8 13. exf7+ Nxf7 14. Ne6 Ne5 15. Bg5 Nfg4 16. Qe2 Nxd3 17. Ng7+ Kd7 18. Qxe7+ Kc6 19. cxd3 Qd7 20. Qe4+ Kb6 21. Qxg4 Qxg7 22. f6 Qf7 23. a4 h5 24. Qg3 Be5 25. Qf2 h4 26. h3 Qe6 27. axb5 Qxh3+ 0-1


[Site "https://www.chess.com"]

[Event "Titled Tuesday Blitz June 14 Early 2022"]
[White "Paravyan, David"]
[Black "Kosakowski, Jakub"]
[WhiteFideId "4194985"]
[BlackFideId "1185080"]
[WhiteElo "2569"]
[BlackElo "2476"]
[Result "1-0"]
[Round "07"]
[TimeControl "180+1"]
[Date "2022.06.14"]
[WhiteClock "0:00:07"]
[BlackClock "0:00:02"]

1. e4 e5 2. Nf3 Nc6 3. Nc3 Nf6 4. d4 exd4 5. Nxd4 Bb4 6. Nxc6 bxc6 7. Bd3 d5 8. exd5 O-O 9. O-O cxd5 10. h3 c6 11. Qf3 Rb8 12. Bg5 Be7 13. b3 h6 14. Bxh6 gxh6 15. Qg3+ Bg4 16. hxg4 Bd6 17. Qh3 Kg7 18. Ne2 h5 19. Nd4 Rh8 20. Nf5+ Kf8 21. Rae1 Nxg4 22. Re2 Qf6 23. Rfe1 Bb4 24. Qg3 Rd8 25. Rd1 Bc5 26. Rde1 Bb4 27. Qc7 Bxe1 28. Rxe1 Rg8 29. Re7 Ra8 30. f3 Nh6 31. Nxh6 1-0


[Site "https://www.chess.com"]

[Event "Titled Tuesday Blitz June 14 Early 2022"]
[White "Priyanka Nutakki"]
[Black "Puranik, Abhimanyu"]
[WhiteFideId "25049615"]
[BlackFideId "5061245"]
[WhiteElo "1912"]
[BlackElo "2520"]
[Result "0-1"]
[Round "07"]
[TimeControl "180+1"]
[Date "2022.06.14"]
[WhiteClock "0:00:01"]
[BlackClock "0:00:17"]

1. d4 Nf6 2. Nf3 g6 3. Bf4 Bg7 4. e3 O-O 5. Be2 d5 6. O-O Nbd7 7. c4 c5 8. dxc5 Nh5 9. Nc3 Nxf4 10. exf4 dxc4 11. c6 bxc6 12. Bxc4 Nb6 13. Bb3 Bg4 14. Qe2 Nd5 15. Nxd5 cxd5 16. Rad1 e6 17. h3 Bxf3 18. Qxf3 a5 19. Rd2 Qb6 20. h4 a4 21. Bc2 Qxb2 22. Rfd1 Qc3 23. Qe2 Rfc8 24. h5 Qf6 25. hxg6 hxg6 26. g3 Rc4 27. Rb1 Rac8 28. Bd3 Rc3 29. Kg2 a3 30. Ba6 Rd8 31. Rb7 Qf5 32. Bd3 Qh5 33. Qxh5 gxh5 34. Kh3 Bf6 35. Be2 h4 36. Bh5 Rf8 37. Kg4 hxg3 38. fxg3 Kg7 39. Ra7 Bd8 40. Re2 Kf6 41. Rf2 Rg8+ 42. Kh4 Kf5+ 0-1


[Site "https://www.chess.com"]

[Event "Titled Tuesday Blitz June 14 Early 2022"]
[White "Rozman, Levy"]
[Black "Morefield, Jason"]
[WhiteFideId "2039877"]
[BlackFideId "30920825"]
[WhiteElo "2376"]
[BlackElo "2171"]
[Result "1-0"]
[Round "07"]
[TimeControl "180+1"]
[Date "2022.06.14"]
[WhiteClock "0:00:05"]
[BlackClock "0:00:03"]

1. e4 d6 2. d4 Nf6 3. Nc3 g6 4. h3 Bg7 5. g4 c6 6. Bg2 Nbd7 7. Nge2 e5 8. Be3 O-O 9. O-O Re8 10. f4 exf4 11. Bxf4 Nf8 12. Ng3 Ne6 13. Be3 d5 14. e5 Nd7 15. Qf3 f6 16. exf6 Bxf6 17. Qd1 Nb6 18. b3 Bh4 19. Nce2 Ng5 20. Qd2 Be6 21. Rae1 Ne4 22. Bxe4 dxe4 23. c4 Qd7 24. Bg5 Bxg5 25. Qxg5 Rf8 26. Nxe4 Qg7 27. Rf6 Rxf6 28. Nxf6+ Kh8 29. Nf4 Bf7 30. Re7 h6 31. Qe5 Rf8 32. a4 g5 33. N4h5 Qg6 34. Nd7+ Kg8 35. Nxf8 Kxf8 36. Rxb7 Qb1+ 37. Kf2 Qc2+ 38. Qe2 Qxb3 39. Rb8+ Be8 40. Rxe8+ Kf7 41. Qe6# 1-0


[Site "https://www.chess.com"]